Map: Fracture LE

Players

Serral - Winner!

  • Race: Zerg Zerg
  • Spawn Location: 11:00

Reynor

  • Race: Zerg Zerg
  • Spawn Location: 5:00

Event: WCS Montreal 2018

VOD

Have the link to the VOD?

Description

Time

  • Played on: Sept. 9, 2018, 4:45 p.m.
  • Length: 8:25

All games in this series

Show
View Real Time Build Order
Export as new Build Order

Serral Zerg - Winner!

Build Orders: Pool First 

Get SALT Encoding   

  12  0:00  Drone  
  13  0:12  Overlord  
  13  0:17  Drone  
  14  0:31  Drone x2  
  16  0:40  Spawning Pool  
  15  0:43  Drone  
  15  0:47  Drone  
  17  1:08  Hatchery  
  17  1:10  Drone  
  17  1:22  Extractor  
  16  1:27  Zergling x4  
  16  1:28  Zergling x2  
  16  1:31  Queen  
  21  1:39  Overlord  
  21  1:49  Drone  
  22  2:00  Drone  
  23  2:06  Queen  
  25  2:11  Drone  
  26  2:24  Drone  
  26  2:25  Drone  
  26  2:26  Metabolic Boost  
  26  2:27  Queen  
  30  2:30  Drone  
  30  2:35  Drone  
  32  2:37  Drone  
  32  2:43  Drone x2  
  34  2:45  Drone  
  34  2:50  Overlord  
  35  2:53  Drone  
  36  3:03  Evolution Chamber  
  34  3:10  Roach Warren  
  34  3:12  Drone  
  34  3:13  Drone  
  34  3:14  Drone x2  
  34  3:18  Overlord  
  37  3:24  Zergling x4  
  37  3:26  Zergling x2  
  40  3:29  Zerg Missile Weapons Level 1  
  40  3:32  Zergling x2  
  41  3:35  Zergling x4  
  43  3:43  Zergling x4  
  43  3:46  Zergling x6  
  48  3:51  Overlord  
  48  3:58  Overlord  
  48  3:59  Zergling x2  
  49  4:08  Hatchery  
  48  4:10  Drone  
  48  4:12  Drone  
  48  4:14  Drone  
  51  4:17  Overlord  
  51  4:20  Drone  
  51  4:22  Drone  
  51  4:23  Drone  
  54  4:30  Overlord  
  52  4:32  Drone x2  
  52  4:35  Drone  
  53  4:39  Drone  
  53  4:41  Drone  
  55  4:49  Extractor x2, Lair  
  55  4:50  Drone  
  55  4:52  Drone x4  
  58  4:59  Roach x3  
  64  5:04  Queen  
  66  5:15  Overlord  
  66  5:16  Roach  
  66  5:17  Roach x2  
  72  5:26  Overlord  
  71  5:43  Drone x3  
  71  5:44  Drone  
  71  5:45  Overlord x2  
  71  5:47  Overseer, Queen x2  
  79  5:51  Zerg Missile Weapons Level 2  
  77  5:57  Glial Reconstitution  
  77  5:59  Roach x4  
  85  6:06  Overlord  
  84  6:21  Queen  
  84  6:23  Drone x6, Queen x2  
  84  6:24  Drone  
  96  6:30  Overlord  
  96  6:33  Roach x3  
  96  6:37  Extractor  
  101  6:40  Drone x2  
  101  6:43  Roach x3  
  109  6:50  Spore Crawler x2  
  109  6:52  Spore Crawler  
  109  6:53  Roach  
  109  6:54  Roach  
  110  7:02  Roach x4  
  118  7:11  Roach x5  
  127  7:18  Overlord x3  
  127  7:33  Overlord  
  127  7:34  Overlord  
  129  7:37  Roach x7  
  129  7:42  Roach x2  
  142  7:45  Roach  
  144  7:52  Roach x4  
  146  8:03  Roach x6  
Show
View Real Time Build Order
Export as new Build Order

Reynor Zerg 

Build Orders: Hatch First 

Get SALT Encoding   

  12  0:00  Drone  
  13  0:12  Overlord  
  13  0:16  Drone  
  14  0:30  Drone x2  
  14  0:34  Drone  
  17  0:51  Hatchery  
  17  0:54  Drone  
  17  1:08  Spawning Pool  
  17  1:11  Drone  
  17  1:14  Drone  
  17  1:16  Extractor  
  17  1:19  Drone  
  18  1:29  Drone  
  19  1:48  Overlord  
  19  1:55  Zergling x2, Queen  
  22  2:03  Zergling x4, Queen  
  26  2:11  Drone  
  26  2:14  Drone  
  28  2:26  Zergling x2  
  28  2:29  Drone  
  29  2:33  Extractor, Drone  
  29  2:37  Drone  
  29  2:44  Drone  
  29  2:46  Drone  
  29  2:48  Queen  
  33  2:53  Overlord  
  33  3:02  Hatchery  
  33  3:04  Drone  
  34  3:05  Drone  
  34  3:08  Drone  
  35  3:15  Drone  
  35  3:16  Drone, Evolution Chamber  
  36  3:21  Drone  
  36  3:22  Drone  
  36  3:24  Drone  
  39  3:27  Drone x2  
  39  3:32  Overlord  
  41  3:34  Drone  
  41  3:40  Overlord  
  42  3:42  Zerg Missile Weapons Level 1  
  42  3:44  Drone  
  42  3:46  Drone  
  44  4:00  Roach Warren  
  44  4:02  Drone x4  
  45  4:04  Evolution Chamber  
  45  4:05  Drone x2  
  45  4:06  Drone  
  47  4:11  Lair  
  47  4:13  Drone  
  48  4:17  Extractor  
  48  4:18  Extractor  
  48  4:23  Evolution Chamber  
  45  4:24  Evolution Chamber  
  45  4:27  Zergling x4  
  45  4:28  Zergling x4  
  45  4:30  Zergling x8  
  53  4:38  Drone  
  53  4:42  Roach Warren  
  53  4:44  Overlord  
  53  4:47  Drone  
  53  4:51  Drone x2  
  56  4:58  Drone  
  56  4:59  Drone x2  
  59  5:04  Extractor, Drone  
  59  5:15  Drone  
  59  5:16  Spire  
  59  5:21  Roach x2  
  59  5:22  Roach  
  59  5:27  Overlord  
  65  5:29  Glial Reconstitution  
  62  5:39  Roach x2  
  62  5:40  Drone  
  66  5:50  Overlord  
  66  5:52  Hatchery  
  65  6:03  Overlord  
  65  6:08  Hydralisk Den  
  64  6:13  Drone  
  64  6:14  Drone x3  
  64  6:15  Drone x2  
  70  6:27  Mutalisk x4  
  70  6:28  Mutalisk x2  
  70  6:30  Roach x2  
  86  6:33  Spine Crawler, Roach  
  86  6:34  Extractor, Drone x3  
  89  6:40  Drone  
  90  6:48  Lurker Den  
  90  6:50  Overlord  
  90  6:51  Drone  
  90  6:55  Overlord x2  
  90  7:03  Overlord  
  90  7:06  Spine Crawler x2  
  88  7:14  Roach x4  
  97  7:17  Drone x4  
  97  7:20  Extractor  
  100  7:28  Hydralisk  
  100  7:29  Hydralisk x3  
  102  7:35  Roach x2  
  113  7:37  Ravager x2  
  113  7:42  Roach x2  
  113  7:43  Spine Crawler  
  115  7:45  Roach  
  115  7:46  Ravager  
  115  7:49  Roach  
  115  7:51  Overlord  
  107  7:59  Roach x4  
Tags
 
Add a new tag
Caveats
  • Supply blocks, unpowered buildings, or Contaminate may cause inaccurate times.
  • Supply counts are checked every 10 seconds.